 Dungeon Crawl Stone Soup version 0.32-a0-630-g46d191b0ed (webtiles) character file.

Game seed: 14680141740693972387

878 Aldia the Chopper (level 7, -6/52 (61) HPs)
             Began as a Mountain Dwarf Reaver on Mar 7, 2024.
             Mangled by an ogre
             ... wielding a +0 giant club
              (26 damage)
             ... on level 5 of the Dungeon.
             The game lasted 00:07:14 (4100 turns).

Aldia the Chopper (Mountain Dwarf Reaver)           Turns: 4100, Time: 00:07:15

HP:   -6/52 (61)    AC:  8    Str: 17      XL:     7   Next: 75%
MP:   9/10          EV: 10    Int: 12 (13) God:
Gold: 219           SH:  0    Dex:  8      Spells: 9/10 levels left

rFire   . . .        t - +0 war axe
rCold   . . .        (no shield)
rNeg    + . .        g - +3 ring mail
rPois   .            (no helmet)
rElec   .            (no cloak)
rCorr   .            (no gloves)
SInv    .            (no boots)
Will    .....        (no amulet) Stlth
                     b - ring of positive energy
HPRegen 0.28/turn    (no ring)
MPRegen 0.12/turn

%: no passive effects
@: heavily drained
A: runic magic, artefact enchanting
a: no special abilities


You were on level 5 of the Dungeon.
You visited 1 branch of the dungeon, and saw 5 of its levels.

You collected 219 gold pieces.

Inventory:

Hand Weapons
 a - a +0 hand axe
 t - a +0 war axe (weapon)
Missiles
 i - 2 curare-tipped darts
Armour
 g - a +3 ring mail (worn)
Jewellery
 b - a ring of positive energy (left hand)
Wands
 m - a wand of charming (5)
Scrolls
 h - a scroll of fog
 o - a scroll of enchant weapon {unknown}
 p - a scroll of poison {unknown}
 q - a scroll of teleportation {unknown}
Potions
 c - 2 potions of enlightenment
 d - 4 potions of curing
 e - 2 potions of haste
 j - a potion of mutation
 k - a potion of heal wounds {unknown}
 l - a potion of magic {unknown}
 n - 3 potions of brilliance
 r - 2 potions of might {unknown}
 s - 2 potions of degeneration


   Skills:
 + Level 5.1 Fighting
 * Level 7.6 Axes
 + Level 3.1 Armour
 - Level 1.3 Dodging
 - Level 2.0 Spellcasting
 - Level 3.0 Conjurations
 - Level 4.0 Necromancy


You had 9 spell levels left.
You knew the following spells:

 Your Spells              Type           Power      Damage    Failure   Level
a - Kiss of Death         Conj/Necr      36%        2d8       8%          1

Your spell library contained the following spells:

 Spells                   Type           Power      Damage    Failure   Level
 Momentum Strike          Conj/Tloc      8%         3d8       26%         2
 Apportation              Tloc           2%         N/A       30%         1
 Jinxbite                 Hex            2%         N/A       43%         2
 Hailstorm                Conj/Ice       4%         3d5       45%         3
 Alistair's Intoxication  Alch           0%         N/A       100%        5


Dungeon Overview and Level Annotations

Branches:
Dungeon (5/15)
 Temple: D:4-7

Altars:
Cheibriados
Okawaru
Zin

Shops:
D:1 *


Innate Abilities, Weirdness & Mutations

Your spellcasting is much less encumbered by armour.
You can use scrolls of enchantment on lesser artefacts.


Message History

The ogre hits you with a +0 giant spiked club!
You barely miss the ogre.
The ogre is severely wounded.
The ogre closely misses you.
You slash the ogre!
You kill the ogre!
You barely miss the ogre. The ogre hits you with a +0 giant club!
You feel your intelligence returning.
Your life force feels restored.
Your Armour skill increases to level 3!
Unknown command.
Unknown command.
Casting: Kiss of Death (safe; 8% risk of failure)
Confirm with . or Enter, or press ? or * to list all spells.
Aiming: Kiss of Death (safe; 8% risk of failure)
Press: ? - help, Shift-Dir - straight line, f - ogre
Aim: an ogre, wielding a +0 giant club (100% to hit)
The fragment of death hits the ogre!
The ogre is drained!
The ogre is moderately wounded.
You feel drained. The ogre hits you with a +0 giant club!
Unknown command.
Unknown command.
You are too injured to fight recklessly!
You are too injured to fight recklessly!
You are too injured to fight recklessly!
You are too injured to fight recklessly!
You are too injured to fight recklessly!
You are too injured to fight recklessly!
You hit the ogre.
The ogre is heavily wounded.
The ogre hits you with a +0 giant club!
You hit the ogre.
The ogre is severely wounded.
You hit the ogre but do no damage.
The ogre is severely wounded.
The ogre misses you.
You hit the ogre.
The ogre is severely wounded.
The ogre hits you with a +0 giant club!!
Ouch! That really hurt!
You die...

##.........
...................
................... .
.............#..... ..
..#.........##...## ...
####........#.....#
.... ###...........#
.#..#
##...........####O...#
.##.............@$..#
.##.##..##...........#
.....#..#.........#...#
..#......#........# .##
.###...####.##...... .#
.#.....#####......... #
....##..#...........#.
...####.........#...#
..#.##.........##.>


You could see an ogre (drained).

Vanquished Creatures
  A black bear (D:4)
  A sky beast (D:4)
  2 ogres (D:5)
  2 scorpions
  2 jellies (D:5)
  A bombardier beetle (D:5)
  A hound (D:5)
  An iguana (D:4)
  2 orc wizards (D:4)
  9 adders
  2 ufetubi (D:5)
  3 dart slugs
  4 ribbon worms
  12 orcs
  7 ball pythons
  10 bats
  3 endoplasms (D:1)
  8 giant cockroaches
  8 hobgoblins
  2 jackals (D:4)
  5 quokkas
  3 frilled lizards
  3 goblins
  6 kobolds
  8 rats
106 creatures vanquished.

Notes
Turn   | Place    | Note
-------+----------+-------------------------------------------
     0 | D:1      | Aldia the Mountain Dwarf Reaver began the quest for the
                  | Orb.
     0 | D:1      | Reached XP level 1. HP: 17/17 MP: 3/3
   119 | D:1      | Reached skill level 4 in Axes
   119 | D:1      | Reached XP level 2. HP: 21/25 MP: 4/4
   214 | D:1      | Found Ridaih's Assorted Antiques.
   257 | D:1      | Reached skill level 1 in Necromancy
   299 | D:1      | Reached skill level 1 in Armour
   377 | D:1      | Reached XP level 3. HP: 24/30 MP: 5/5
   907 | D:2      | Found a glowing silver altar of Zin.
  1157 | D:2      | Reached XP level 4. HP: 36/38 MP: 7/7
  1698 | D:3      | Found a snail-covered altar of Cheibriados.
  1735 | D:3      | Found an iron altar of Okawaru.
  1985 | D:3      | Reached XP level 5. HP: 45/45 MP: 8/8
  2159 | D:4      | Reached skill level 5 in Axes
  2619 | D:4      | Noticed a black bear
  2634 | D:4      | Killed a black bear
  2635 | D:4      | Reached XP level 6. HP: 10/52 MP: 9/9
  3062 | D:4      | Noticed a sky beast
  3072 | D:4      | Killed a sky beast
  3073 | D:4      | Reached skill level 6 in Axes
  3383 | D:5      | Entered Level 5 of the Dungeon
  3394 | D:5      | Reached XP level 7. HP: 41/60 MP: 10/10
  3406 | D:5      | HP: 3/60 [ufetubus (3)]
  3767 | D:5      | Reached skill level 7 in Axes
  3861 | D:5      | Reached skill level 5 in Fighting
  4100 | D:5      | Mangled by an ogre

Illustrated notes

Levels and vault maps discovered:
D:1:      wander_arrival_lonely_grave, layout_rooms, serial_shops,
          nicolae_shop_waterfront, hangedman_decor_points
D:2:      layout_basic, basic_altar
D:3:      layout_rooms, mainiacjoe_overflow_catwalk_spiral, serial_glass,
          glass_columns_b, glass_columns_b, minivault_24,
          kennysheep_generic_room_10
D:4:      layout_loops_ring, minmay_door_square
D:5:      layout_cave_pools, minmay_misc_feat_chi, nicolae_the_louvre

Skill      XL: |  1  2  3  4  5  6  7 |
---------------+----------------------+-----
Axes           | 4 5 6 7 |  7.6
Necromancy     | 1 2 3 4 |  4.0
Armour         | 1 2 3 |  3.1
Spellcasting   | 2 |  2.0
Fighting       | 3 4 5 |  5.1
Conjurations   | 3 |  3.0
Dodging        | |  1.3

Action                     |  1- 3 |  4- 6 |  7- 9 || total
---------------------------+-------+-------+-------++-------
  Melee: Hand axe          |   176 |   191 |       ||   367
         War axe           |       |    70 |    69 ||   139
   Cast: Kiss of Death     |       |     2 |     2 ||     4
    Use: Scroll            |       |     8 |       ||     8
         Potion            |       |     1 |       ||     1
 Armour: Ring mail         |   139 |   190 |    71 ||   400
         Leather armour    |    10 |       |       ||    10
  Dodge: Dodged            |   121 |   138 |    64 ||   323

Table legend: (Time is in decaauts)
 A = Elapsed time spent in this place.
 B = Non-inter-level travel time spent in this place.
 C = Inter-level travel time spent in this place.
 D = Time resting spent in this place.
 E = Time spent auto-exploring this place.
 F = Levels seen in this place.
 G = Mean time per level.
                   A        B        C        D        E       F      G
               +--------+--------+--------+--------+--------+-----+--------+
         Total |   4152 |   4069 |     83 |    165 |   2901 |   5 |  830.4 |
       Dungeon |   4152 |   4069 |     83 |    165 |   2901 |   5 |  830.4 |
               +--------+--------+--------+--------+--------+-----+--------+

Top non-repeatable levels by time:
     D:4: 1253 daAuts
     D:2: 867 daAuts
     D:3: 739 daAuts
     D:5: 729 daAuts
     D:1: 562 daAuts
